AoeStats
← [AFTM] manimues

Arena

505370899Analyzed
4v4 RM · 23d ago on Sep 9, 2026· 39m 35s· 8 players
Game mode
Random Map
Map size
Large (8 player)
Population
200
Speed
Normal
Resources
Standard
Victory
Conquest
Starting age
Dark Age
Ending age
Imperial Age
RankedLock teamsTeams togetherTeam positionsShared explorationLock speedFull tech treeHidden civsTurbo modeCheats
Victory
Defeat
🇧🇷 Armenians · Brazil
1365
+12
🇧🇷 Cumans · Brazil
1282
+16
1201
+19
🇧🇷 Cumans · Brazil
1199
+19
🇨🇱 Berbers · Chile
1406
-22
1369
-20
🇨🇱 Saracens · Chile
1267
-16
🇨🇱 Turks · Chile
1049
-8
[Massa] Riacho Molhado
10:40 Feudal Age
14:49 Castle Age
13:14 Double-Bit Axe
13:50 Horse Collar
14:30 Gold Mining
15:58 Husbandry
19:53 Sanctity
20:03 Fervor
20:02 Loom
24:40 Wheelbarrow
29:50 Imperial Age
27:59 Bow Saw
29:10 Heavy Plow
29:01 Stone Mining
29:32 Bloodlines
30:09 Scale Barding Armor
30:15 Forging
30:44 Stone Shaft Mining
30:50 Hand Cart
31:01 Conscription
31:41 Block Printing
32:10 Theocracy
32:13 Illumination
32:19 Chain Barding Armor
32:35 Iron Casting
34:25 Plate Barding Armor
34:07 Elite Leitis
37:05 Two-Man Saw
36:56 Crop Rotation
[MassA]Azrael
6:39 Loom
8:59 Feudal Age
11:43 Fletching
17:33 Double-Bit Axe
20:07 Horse Collar
24:21 Castle Age
26:40 Bow Saw
27:51 Capped Ram
28:40 Capped Ram
29:12 Pikeman
30:32 Squires
30:36 Scale Mail Armor
33:26 Wheelbarrow
33:44 Bodkin Arrow
34:50 Padded Archer Armor
39:01 Imperial Age
38:47 Leather Archer Armor
39:07 Bloodlines
39:17 Heavy Plow
40:09 Ballistics
39:23 Elite Kipchak
tg
12:24 Feudal Age
13:07 Double-Bit Axe
16:06 Castle Age
13:55 Horse Collar
14:28 Pikeman
17:19 Heavy Plow
17:30 Bow Saw
19:24 Loom
21:55 Scale Mail Armor
24:12 Wheelbarrow
25:16 Chain Mail Armor
28:20 Hand Cart
29:43 Gold Mining
29:43 Stone Mining
29:16 Halberdier
29:56 Squires
30:08 Forging
31:30 Gold Shaft Mining
31:53 Ballistics
31:44 Masonry
34:25 Imperial Age
32:31 Fletching
35:52 Plate Mail Armor
34:47 Onager
36:06 Capped Ram
37:53 Iron Casting
37:15 Bodkin Arrow
39:16 Chemistry
LukaZ17
11:57 Feudal Age
13:24 Wheelbarrow
12:38 Double-Bit Axe
17:36 Castle Age
17:39 Loom
18:15 Horse Collar
18:52 Bow Saw
18:38 Gold Mining
21:10 Heavy Plow
23:42 Gold Shaft Mining
25:06 Hand Cart
24:57 Stone Mining
26:33 Fletching
26:52 Elite Skirmisher
34:11 Imperial Age
32:24 Bloodlines
32:22 Scale Barding Armor
32:27 Forging
34:58 Chain Barding Armor
35:14 Iron Casting
34:17 Cavalier
35:24 Conscription
35:09 Steppe Husbandry
39:02 Plate Barding Armor
39:28 Blast Furnace
39:00 Paladin
AiM | Mantequilla de Mani
11:01 Feudal Age
12:16 Loom
15:41 Castle Age
14:13 Double-Bit Axe
14:20 Horse Collar
16:42 Gold Mining
16:42 Stone Mining
24:03 Wheelbarrow
24:27 Heavy Plow
24:51 Bow Saw
27:37 Hand Cart
31:20 Imperial Age
30:22 Town Watch
31:38 Gold Shaft Mining
31:38 Stone Shaft Mining
31:33 Town Patrol
32:17 Ballistics
33:12 Chemistry
32:18 Siege Engineers
32:31 Padded Archer Armor
32:36 Double Crossbow
[AFTM] PIPE FLAWERS
3:51 Loom
5:17 Loom
13:08 Feudal Age
19:17 Wheelbarrow
20:50 Castle Age
20:30 Horse Collar
22:41 Heavy Plow
23:23 Wheelbarrow
23:30 Wheelbarrow
23:31 Double-Bit Axe
24:16 Gold Mining
29:31 Bow Saw
29:48 Hand Cart
30:44 Town Watch
31:58 Gold Shaft Mining
33:21 Bloodlines
33:12 Husbandry
42:32 Imperial Age
AiM | BetaWolf
10:52 Feudal Age
11:20 Loom
14:45 Castle Age
14:57 Double-Bit Axe
17:21 Horse Collar
21:14 Scale Barding Armor
22:42 Bloodlines
23:49 Heavy Plow
26:04 Husbandry
26:59 Wheelbarrow
29:10 Forging
30:36 Hand Cart
30:22 Gold Mining
31:36 Chain Barding Armor
31:41 Bow Saw
37:12 Imperial Age
35:25 Fletching
35:49 Kasbah
36:29 Iron Casting
35:48 Stone Mining
36:40 Bodkin Arrow
37:11 Ballistics
37:31 Gold Shaft Mining
37:20 Padded Archer Armor
37:35 Masonry
37:33 Thumb Ring
37:17 Heavy Camel Rider
37:52 Elite Camel Archer
39:41 Bracer
40:45 Chemistry
[AFTM] manimues
10:51 Feudal Age
15:29 Castle Age
13:54 Double-Bit Axe
15:41 Loom
21:41 Horse Collar
28:08 Scale Barding Armor
29:58 Husbandry
31:18 Heavy Plow
31:31 Town Watch
34:02 Chain Barding Armor
37:03 Imperial Age
34:51 Fletching
37:08 Heavy Camel Rider
38:17 Forging
38:38 Bloodlines
39:57 Wheelbarrow
Connection lost

Rejoining the realm…

Still unreachable

The connection could not be restored.

Session expired

The server has moved on; the page needs a fresh start.